 Dungeon Crawl Stone Soup version 0.17-a0-1378-g281efdd (webtiles) character file.

127 sqallbeste the Covert (level 4, -2/22 HPs)
             Began as a Spriggan Assassin on June 14, 2015.
             Slain by a phantom (5 damage)
             ... on level 3 of the Dungeon.
             The game lasted 00:04:13 (1649 turns).

sqallbeste the Covert (Spriggan Assassin)           Turns: 1649, Time: 00:04:14

Health: -2/22      AC:  3    Str:  7    XL:     4   Next: 85%
Magic:  5/5        EV: 17    Int: 12    God:
Gold:   68         SH:  0    Dex: 18    Spells: 0 memorised, 3 levels left

rFire  + . .     SeeInvis +     a - +2 dagger
rCold  + + .     Clarity  .     j - +0 robe {rC+ rF+}
rNeg   . . .     SustAt   .     (shield restricted)
rPois  .         Gourm    .     (helmet restricted)
rElec  .         Spirit   .     d - +0 cloak
rCorr  .         Warding  .     (gloves unavailable)
rMut   .         Stasis   .     (boots unavailable)
MR     .....                    (no amulet)
Stlth  +++++.....               (no ring)
                                q - ring of protection from cold

@: very quick, not resistant to hostile enchantments, quite stealthy
A: unfitting armour, see invisible, herbivore 3, speed 3, slow metabolism 2
a: no special abilities


You were on level 3 of the Dungeon.
You were not hungry.

You visited 1 branch of the dungeon, and saw 3 of its levels.

You collected 68 gold pieces.

Inventory:

Hand weapons
 a - a +2 dagger (weapon)
 b - a +0 blowgun
 p - a +4 quarterstaff of chaos
Missiles
 e - 8 poisoned needles
 f - 2 curare-tipped needles
Armour
 c - a +0 robe
 d - a +0 cloak (worn)
 j - a +0 robe of resistance (worn)
Jewellery
 q - a ring of protection from cold (left hand)
Scrolls
 l - a scroll of random uselessness {unknown}
 m - a scroll of identify
 n - a scroll of magic mapping {unknown}
 o - a scroll of fog {unknown}
 r - a scroll of remove curse
Potions
 i - a potion of heal wounds
Comestibles
 g - 3 bread rations
 h - a royal jelly
 k - a slice of pizza


   Skills:
 - Level 1.5 Fighting
 - Level 2.1 Short Blades
 - Level 2.1 Throwing
 - Level 1.5 Dodging
 + Level 9.4 Stealth


You had 3 spell levels left.
You didn't know any spells.

Dungeon Overview and Level Annotations

Branches:
Dungeon (3/15)

Altars:


Innate Abilities, Weirdness & Mutations

You are tiny and cannot use many weapons and most armour.
You have supernaturally acute eyesight.
You are a herbivore.
You cover ground extremely quickly.
You need consume almost no food.


Message History

You hit the orc.
The orc is heavily wounded.
The orc closely misses you.
You hit the orc.
You kill the orc!
The orc wizard points at you and mumbles some strange words.
The magic dart hits you! The orc wizard casts a spell at you.
The magic dart hits you!
* * * LOW HITPOINT WARNING * * *
You see here a hand axe.
You closely miss the orc wizard.
The orc wizard mumbles some strange words.
The orc wizard blinks!
You see here a hand axe.
That item cannot be evoked!
A phantom comes into view.
A rat comes into view.
The phantom hits you.
You die...

#..........).# ########
#.#..#######o# .......# #.#..# ##
#.# ######.########.#..# .. #.#
######.##.......#..#.#.#.#.#
................#..#.....o.######
######.##......##..#.............
...............##..#..o..........
.##..#.........+@..#.#####.......
.##............##W## ...$.....
.##.............#.# .........
.##.....<.....#.... ..........
..........###.# ..## ....###...
####..........#...r .......o..
..............>.... ...##.#.##
................... ....#.#.##
####...#######... ....)..g..


You could see a phantom and a rat (wandering).

Vanquished Creatures
  Crazy Yiuf (D:3)
  6 adders (D:2)
  An ooze (D:2)
  A worm (D:2)
  2 giant geckos
  An orc (D:3)
  2 ball pythons
  5 bats
  3 giant cockroaches
  2 hobgoblins
  A giant newt (D:2)
  4 goblins
  4 kobolds
  A quokka (D:2)
  2 rats
36 creatures vanquished.

Notes
Turn   | Place    | Note
--------------------------------------------------------------
     0 | D:1      | sqallbeste the Spriggan Assassin began the quest for the Orb.
     0 | D:1      | Reached XP level 1. HP: 10/10 MP: 2/2
   155 | D:1      | Reached skill level 6 in Stealth
   574 | D:1      | Reached XP level 2. HP: 11/14 MP: 3/3
   716 | D:2      | Reached skill level 7 in Stealth
   747 | D:2      | Reached XP level 3. HP: 11/18 MP: 4/4
   792 | D:2      | Reached skill level 8 in Stealth
   894 | D:2      | Reached XP level 4. HP: 9/22 MP: 5/5
   979 | D:2      | Found a faded altar to an unknown god.
  1431 | D:3      | Reached skill level 9 in Stealth
  1461 | D:3      | Noticed Crazy Yiuf
  1467 | D:3      | Killed Crazy Yiuf
  1643 | D:3      | Noticed a phantom
  1649 | D:3      | Slain by a phantom

Vault maps used:
D:1:      minmay_arrival_stair_chambers
D:2:      ecumenical_altar_1
D:3:      first_bread, uniq_crazy_yiuf_cottage

Action                   |  1- 3 |  4- 6 || total
-------------------------+-------+-------++-------
Melee: Dagger            |    73 |    26 ||    99
  Use: Potion            |     1 |     2 ||     3
       Scroll            |       |     3 ||     3
 Stab: Sleeping          |     8 |    10 ||    18
